 Dungeon Crawl Stone Soup version 0.15-a0-1387-gd422dff (webtiles) character file.

227 Psiweapon the Ruffian (level 5, 0/48 HPs)
             Began as a Troll Transmuter on June 10, 2014.
             Slain by a gnoll
             ... wielding a +0,+0 spear
              (4 damage)
             ... on Level 4 of the Dungeon.
             The game lasted 00:07:57 (1629 turns).

Psiweapon the Ruffian (Troll Transmuter)            Turns: 1629, Time: 00:07:57

HP   0/48        AC  5     Str 18      XL: 5   Next: 70%
MP   4/4         EV 10     Int 10      God:
Gold 78          SH  0     Dex 10      Spells:  1 memorised,  5 levels left

rFire  . . .     SeeInvis .       - Unarmed
rCold  . . .     Clarity  .     c - +0 robe
rNeg   . . .     rCorr    .     (shield restricted)
rPois  .         rRot     .     (helmet restricted)
rElec  .         Spirit   .     (no cloak)
SustAb .         Warding  .     (gloves unavailable)
rMut   .         Stasis   .     (boots unavailable)
Gourm  +                        (no amulet)
MR     .....                    (no ring)
                                (no ring)

@: not resistant to hostile enchantments, very unstealthy
A: unfitting armour, claws 3, fast metabolism 3, gourmand, regeneration 2,
saprovore 2, shaggy fur 1, tough skin 2
a: no special abilities


You were on level 4 of the Dungeon.
You were very full.

You visited 1 branch of the dungeon, and saw 4 of its levels.

You collected 78 gold pieces.

Inventory:

Hand weapons
 o - a +0,+0 giant club
 p - a +0,+0 dire flail
Missiles
 b - 12 arrows
Armour
 c - a +0 robe (worn)
Comestibles
 a - 3 meat rations
 h - 2 bread rations
 l - a chunk of adder flesh
 r - 5 chunks of ogre flesh
 u - a beef jerky
 v - a chunk of quokka flesh
Scrolls
 e - 3 scrolls of fog {unknown}
 f - 3 scrolls of remove curse {unknown}
 g - 3 scrolls of amnesia {unknown}
 i - a scroll of immolation {unknown}
 k - a scroll of noise {unknown}
 m - 6 scrolls of identify {unknown}
 n - a scroll of blinking {unknown}
 t - a scroll of magic mapping {unknown}
Potions
 j - 3 potions of curing {unknown}
 q - a potion of mutation {unknown}
 s - a potion of paralysis {unknown}
Books
 d - a book of Changes

   Spells                             Type                      Level
   *Beastly Appendage                 Transmutation                1
   Sticks to Snakes                   Transmutation                2
   Spider Form                        Transmutation/Poison         3
   Ice Form                           Ice/Transmutation            4
   Blade Hands                        Transmutation                5


   Skills:
 - Level 1.5 Fighting
 - Level 2.3 Dodging
 + Level 5.8 Unarmed Combat
 - Level 1.2 Spellcasting
 - Level 1.3 Transmutations


You had 5 spell levels left.
You knew the following spells:

 Your Spells              Type           Power        Failure   Level  Hunger
a - Beastly Appendage     Trmt           #.....       21%         1    ##.....


Dungeon Overview and Level Annotations

Branches:
Dungeon (4/15)
 Temple: D:4-7

Altars:
Nemelex Xobeh


Innate Abilities, Weirdness & Mutations

You are too large for most types of armour.
You have claws for hands.
Your metabolism is lightning-fast.
You like to eat raw meat.
You heal very quickly.
You can eat rotten meat.
You are covered in fur (AC +1).
You have very tough skin (AC +2).


Message History

The gnoll hits you but does no damage.
The gnoll hits you from afar with a spear!
The gnoll barely misses you. x2
Things that are here:
a halberd; a gnoll corpse You barely miss the gnoll.
The gnoll hits you but does no damage. The gnoll closely misses you. x2
You barely miss the gnoll.
The gnoll hits you from afar with a spear!
The gnoll hits you with a halberd!
* * * LOW HITPOINT WARNING * * *
You closely miss the gnoll. The gnoll barely misses you.
The gnoll closely misses you.
You scratch the gnoll but do no damage. The gnoll closely misses you.
The gnoll barely misses you. x2
You closely miss the gnoll. The gnoll hits you with a halberd!
* * * LOW HITPOINT WARNING * * *
The gnoll barely misses you.
The gnoll hits you from afar with a spear.
You die...

##+# #...# ##gg# #@g#
#######'#######
#....[........##########
#...........(.'..#......
#.............##........
#.............####......
#.............# #......
#######'####### #......
#......# #......


You could see 3 gnolls.

Vanquished Creatures
  An ogre (D:4)
  8 adders
  A gnoll (D:4)
  4 giant geckos (D:1)
  An ooze (D:2)
  3 orcs (D:3)
  3 giant cockroaches (D:1)
  6 hobgoblins
  7 kobolds
  A quokka (D:4)
  9 bats
  2 giant newts (D:1)
  5 goblins
  5 rats
56 creatures vanquished.

Notes
Turn   | Place    | Note
--------------------------------------------------------------
     0 | D:1      | Psiweapon, the Troll Transmuter, began the quest for the Orb.
     0 | D:1      | Reached XP level 1. HP: 18/18 MP: 2/2
    67 | D:1      | Reached skill level 1 in Fighting
   135 | D:1      | Reached XP level 2. HP: 22/27 MP: 2/2
   302 | D:2      | Reached XP level 3. HP: 31/33 MP: 3/3
   544 | D:2      | Reached skill level 4 in Unarmed Combat
   550 | D:2      | Reached XP level 4. HP: 19/41 MP: 4/4
  1358 | D:3      | Found a sparkling altar of Nemelex Xobeh.
  1474 | D:4      | Noticed an ogre
  1483 | D:4      | Killed an ogre
  1483 | D:4      | Reached skill level 5 in Unarmed Combat
  1483 | D:4      | Reached XP level 5. HP: 19/48 MP: 4/4
  1629 | D:4      | Slain by a gnoll

Action                   |  1- 3 |  4- 6 || total
-------------------------+-------+-------++-------
Melee: Unarmed           |    83 |    83 ||   166
